 Dungeon Crawl Stone Soup version 0.23.1 (webtiles) character file.

Game seed: 12049159487023630794

565 LostNumber the Caller (level 7, -5/41 HPs)
             Began as a Kobold Summoner on Mar 6, 2019.
             Was an Initiate of Sif Muna.
             Slain by an iguana (15 damage)
             ... on level 5 of the Dungeon.
             The game lasted 00:17:49 (5954 turns).

LostNumber the Caller (Kobold Summoner)             Turns: 5954, Time: 00:17:49

Health: -5/41      AC:  2    Str:  5    XL:     7   Next: 58%
Magic:  3/12       EV: 15    Int: 18    God:    Sif Muna [......]
Gold:   43         SH:  0    Dex: 16    Spells: 3/13 levels left

rFire    . . .     SeeInvis .   z - +2 short sword (venom)
rCold    . . .     Gourm    .   (shield restricted)
rNeg     . . .     Faith    .   a - +0 robe
rPois    .         Spirit   .   (no helmet)
rElec    .         Reflect  .   (no cloak)
rCorr    .         Harm     .   (no gloves)
MR       .....                  (no boots)
Stlth    ++........             (no amulet)
HPRegen  0.13/turn              (no ring)
MPRegen  0.13/turn              (no ring)

@: very slightly contaminated
A: small, carnivore
a: Renounce Religion


You were on level 5 of the Dungeon.
You worshipped Sif Muna.
Sif Muna was noncommittal.
You were very full.

You visited 1 branch of the dungeon, and saw 6 of its levels.

You collected 245 gold pieces.
You spent 202 gold pieces at shops.

Inventory:

Hand Weapons
 c - a +0 short sword
   (You took it off a kobold on level 1 of the Dungeon)
 n - a +0 spear
   (You took it off a goblin on level 2 of the Dungeon)
 z - a +2 short sword of venom (weapon)
   (You bought it in a shop on level 5 of the Dungeon)
Armour
 a - a +0 robe (worn)
 r - a +0 pair of gloves
   (You found it on level 3 of the Dungeon)
 B - a +0 ring mail
   (You found it on level 1 of the Dungeon)
Jewellery
 l - an uncursed ring of flight {unknown}
   (You found it on level 2 of the Dungeon)
Wands
 d - a wand of iceblast (13)
   (You found it on level 5 of the Dungeon)
 x - a wand of acid (8)
   (You found it on level 4 of the Dungeon)
Scrolls
 b - 8 scrolls of identify {unknown}
 f - 2 scrolls of blinking {unknown}
 g - a scroll of holy word {unknown}
 i - a scroll of amnesia {unknown}
 j - 9 scrolls of remove curse {unknown}
 o - 2 scrolls of enchant weapon {unknown}
 s - a scroll of enchant armour {unknown}
 t - a scroll of noise {unknown}
 v - a scroll of teleportation {unknown}
 w - a scroll of magic mapping {unknown}
 y - a scroll of immolation {unknown}
Potions
 h - 2 potions of curing {@q1}
 k - 2 potions of flight {unknown}
 m - a potion of degeneration {unknown}
 p - 2 potions of might {unknown}
 q - a potion of haste {unknown}
 u - 2 potions of berserk rage {unknown}
Comestibles
 e - 5 rations {!d}
 A - a chunk of flesh


   Skills:
 + Level 3.3 Fighting
 + Level 0.9 Short Blades
 - Level 2.4 Dodging
 - Level 2.6 Stealth
 + Level 3.8 Spellcasting
 * Level 6.3 Summonings
 * Level 3.1 Air Magic


You had 3 spell levels left.
You knew the following spells:

 Your Spells              Type           Power        Failure   Level  Hunger
a - Summon Small Mammal   Summ           ####         1%          1    None
c - Call Canine Familiar  Summ           ####....     3%          3    ###....
x - Call Imp              Summ           ####....     1%          2    ##.....
z - Summon Lightning Spi  Summ/Air       ###.....     22%         4    ####...

Your spell library contained the following spells:

 Spells                   Type           Power        Failure   Level  Hunger
 Summon Guardian Golem    Hex/Summ       ##......     12%         3    ###....
 Summon Ice Beast         Ice/Summ       ##......     38%         4    ####...


Dungeon Overview and Level Annotations

Branches:
Dungeon (6/15)
 Temple: D:4-7

Altars:
Fedhas
Makhleb
Sif Muna
Uskayaw
Yredelemnul
Zin

Shops:
D:5 (


Innate Abilities, Weirdness & Mutations

You are small and have problems with some larger weapons.
You are carnivorous and can eat meat at any time.


Message History

You can't go down here!
The iguana barely misses you. The worker ant bites you.
* * * LOW HITPOINT WARNING * * *
The orc priest looks satisfied for a moment.
You climb upwards.
There is a stone staircase leading down here.
Unknown command.
Unknown command.
Unknown command.
You miscast Summon Lightning Spire.
You are very lightly contaminated with residual magic.
Sparks of electricity dance between your hands.
The iguana closely misses you. The worker ant barely misses you.
Unknown command.
An electric hum fills the air.
The worker ant barely misses you. The iguana barely misses you.
Unknown command.
The worker ant bites you.
* * * LOW HITPOINT WARNING * * *
You are poisoned.
The worker ant poisons you!
Your lightning spire shoots out a bolt of lightning at the worker ant!
The bolt of electricity hits the worker ant!
You feel sick.
Unknown command.
The worker ant bites your lightning spire but does no damage.
Your lightning spire shoots out a bolt of lightning at the worker ant!
The bolt of electricity hits the worker ant!
The worker ant dies!
Sif Muna accepts your kill. The iguana closely misses you.
Unknown command.
Okay, then.
Unknown command.
It was a potion of curing.
You feel better. The iguana closely misses you.
Your lightning spire shoots out a bolt of lightning at the iguana!
The bolt of electricity hits the iguana. x2
The bolt of electricity hits your lightning spire.
Your lightning spire completely resists.
Unknown command.
You closely miss the iguana. The iguana closely misses you.
You hit the iguana but do no damage. The iguana bites you!
* * * LOW HITPOINT WARNING * * *
You completely miss the iguana. The iguana completely misses you.
Unknown command.
You hit the iguana but do no damage. The iguana closely misses you.
Unknown command.
You hit the iguana but do no damage.
The iguana is poisoned.
The iguana bites you!
You die...

≈≈≈....#######..#....#'###......#
≈≈≈≈≈..#...'....#....#...#......#
.≈≈≈...'...#....#....'...'......#
.......#...###..#....#####.....(#
.#.....#...###..###....#.##'##...
##.....#....'.....#....'.....#...
.......#....#.....#....#.....#...
.......############....#######...
................@l.>........#####
..................†.........#....
.................8..........#....
..8.P§§§.........>..........#....
.§§§P§§.......^...÷.........###'#
.§§§§§##+#####....######.........
.#P8§§5..#...#....#....#.........
.#...#§>.'...#....'....#.........
.#...#...#...#....#....#.........


You could see an iguana and a friendly lightning spire.

Vanquished Creatures
  A hound (D:5)
  A centaur skeleton (D:4)
  A worker ant (D:5)
  A gnoll (D:6)
  A howler monkey skeleton (D:5)
  2 adders (D:5)
  An adder skeleton (D:4)
  A worm (D:4)
  A ball python (D:4)
  4 bats
  2 giant cockroaches
  4 goblins
  6 hobgoblins
  3 kobolds
  2 quokkas
  2 frilled lizards (D:2)
  A jackal skeleton (D:4)
  A leopard gecko zombie (D:5)
  2 quokka skeletons
  8 rats
45 creatures vanquished.

Vanquished Creatures (collateral kills)
  A sky beast (D:4)
  A big kobold (D:4)
  A scorpion (D:4)
  A crimson imp (D:5)
  A bullfrog skeleton (D:4)
  A centaur skeleton (D:5)
  2 hounds (D:4)
  2 orc wizards (D:4)
  2 worker ants (D:5)
  A hound zombie (D:5)
  A worker ant zombie (D:5)
  A howler monkey zombie (D:5)
  3 gnolls
  9 adders
  A shadow imp (D:5)
  An ooze (D:2)
  2 adder skeletons
  2 adder zombies (D:5)
  6 worms
  2 leopard geckos
  9 orcs
  8 giant cockroaches
  5 goblins
  A hobgoblin (D:1)
  12 jackals
  A quokka (D:2)
  4 bats
  2 frilled lizards
  6 kobolds
  2 quokka zombies (D:5)
91 creatures vanquished.

Grand Total: 136 creatures vanquished

Notes
Turn   | Place    | Note
-------+----------+-------------------------------------------
     0 | D:1      | LostNumber the Kobold Summoner began the quest for the Orb.
     0 | D:1      | Reached XP level 1. HP: 10/10 MP: 3/3
   438 | D:1      | Reached XP level 2. HP: 16/16 MP: 5/5
   464 | D:1      | Learned a level 2 spell: Call Imp
   698 | D:1      | Reached skill level 1 in Fighting
   931 | D:1      | Reached XP level 3. HP: 20/20 MP: 2/6
  1257 | D:2      | Learned a level 3 spell: Call Canine Familiar
  1792 | D:2      | Reached XP level 4. HP: 25/25 MP: 1/8
  2334 | D:2      | Reached skill level 5 in Summonings
  2680 | D:3      | Found a basalt altar of Yredelemnul.
  2781 | D:3      | Found a faded altar of an unknown god.
  3032 | D:3      | Reached XP level 5. HP: 18/30 MP: 4/9
  3080 | D:3      | Learned a level 4 spell: Summon Lightning Spire
  3346 | D:4      | Found a blossoming altar of Fedhas.
  3531 | D:4      | You fall through a shaft!
  3531 | D:5      | Entered Level 5 of the Dungeon
  3646 | D:4      | Noticed a sky beast
  3662 | D:4      | Killed a sky beast
  3662 | D:4      | Reached skill level 1 in Air Magic
  3662 | D:4      | Reached XP level 6. HP: 36/36 MP: 2/10
  4492 | D:4      | Reached XP level 7. HP: 20/40 MP: 5/12
  4921 | D:5      | Reached skill level 6 in Summonings
  5051 | D:5      | Found a glowing silver altar of Zin.
  5053 | D:5      | Found a blossoming altar of Fedhas.
  5056 | D:5      | Found a deep blue altar of Sif Muna.
  5057 | D:5      | Found a hide-covered altar of Uskayaw.
  5060 | D:5      | Found a burning altar of Makhleb.
  5097 | D:5      | Became a worshipper of Sif Muna the Loreminder
  5394 | D:5      | Found Falaps's Weapon Boutique.
  5406 | D:5      | Bought a +2 short sword of venom for 202 gold pieces
  5954 | D:5      | Slain by an iguana

Skill      XL: |  1  2  3  4  5  6  7 |
---------------+----------------------+-----
Fighting       | 1 2 3 |  3.3
Summonings     | 5 6 |  6.3
Spellcasting   | 3 |  3.8
Air Magic      | 1 2 3 |  3.1
Short Blades   | |  0.9
Dodging        | |  2.4
Stealth        | |  2.6

Action                   |  1- 3 |  4- 6 |  7- 9 || total
-------------------------+-------+-------+-------++-------
Melee: Unarmed           |    20 |       |       ||    20
       Short sword       |    93 |    26 |    34 ||   153
       Spear             |       |   166 |    76 ||   242
 Cast: Summon Small Mamm |     7 |       |       ||     7
       Call Imp          |    20 |    19 |     4 ||    43
       Call Canine Famil |     3 |    16 |     8 ||    27
       Summon Lightning  |       |     1 |     3 ||     4
  Use: Potion            |       |       |     1 ||     1
 Stab: Sleeping          |     2 |    10 |     3 ||    15
       Distracted        |     1 |       |     1 ||     2
  Eat: Chunk             |    13 |    11 |     6 ||    30
Armor: Robe              |    27 |    15 |     7 ||    49
Dodge: Dodged            |   133 |   147 |   109 ||   389
